 Dungeon Crawl Stone Soup version 0.30-b1-2-g02819fbbbe (webtiles) character file.

Game seed: 15145710202733313387

182456 LLlMATKO the Warrior (level 17, -10/156 (166) HPs)
             Began as a Minotaur Berserker on July 2, 2023.
             Was a High Priest of Trog.
             Killed from afar by Mara (illusionary) (23 damage)
             ... with a bolt of fire
             ... on level 3 of the Snake Pit.
             The game lasted 00:44:33 (41408 turns).

LLlMATKO the Warrior (Minotaur Berserker)          Turns: 41408, Time: 00:44:34

HP:   -10/156 (166) AC: 26    Str: 27    XL:     17   Next: 35%
MP:   16/16         EV: 14    Int:  4    God:    Trog [*****.]
Gold: 2459          SH: 17    Dex: 13    Spells: 16/16 levels left

rFire   + . .        P - +2 war axe (heavy)
rCold   + . .        t - +0 kite shield {AC+3}
rNeg    + . .        W - +1 plate armour of Resourcefulness {Rampage +Blink Will+}
rPois   +            g - -2 hat of the Alchemist {rElec rPois rF+ rC+ rN+ Will+ rMut rCorr}
rElec   +            E - +1 cloak
rCorr   +            S - +0 pair of gloves {hurl}
SInv    .            f - +0 pair of boots
Will    ++++.        h - amulet of reflection Stlth
                     d - ring of willpower
HPRegen 0.46/turn    M - ring of flight
MPRegen 0.15/turn

%: reflection, resist mutation, rampage
@: on berserk cooldown, flying, slowed, studying Stealth, drained, very slow
A: horns 2, retaliatory headbutt
}: 1/15 runes: barnacled
a: Renounce Religion, Evoke Blink, Berserk, Trog's Hand, Brothers in Arms


You were on level 3 of the Snake Pit.
You worshipped Trog.
Trog was extremely pleased with you.
You visited 5 branches of the dungeon, and saw 29 of its levels.
You also visited: Ice Cave.

You collected 3639 gold pieces.
You spent 1180 gold pieces at shops.

Inventory:

Hand Weapons
 a - a +5 antimagic broad axe
 l - a +0 battleaxe
 C - a +1 war axe of flaming
 P - a +2 heavy war axe (weapon)
Missiles
 k - 15 javelins (quivered)
 o - 41 boomerangs
 y - 55 poisoned darts
 K - 7 throwing nets
 N - 3 curare-tipped darts
 Y - 5 silver javelins
Armour
 f - a +0 pair of boots (worn)
 g - the -2 hat of the Alchemist (worn) {rElec rPois rF+ rC+ rN+ Will+ rMut rCorr}
   (You bought it in a shop on level 2 of the Snake Pit)

   rF:        It protects you from fire.
   rC:        It protects you from cold.
   rElec:     It insulates you from electricity.
   rPois:     It protects you from poison.
   rN:        It protects you from negative energy.
   rCorr:     It protects you from acid and corrosion.
   rMut:      It protects you from mutation.
   Will:      It increases your willpower.
 t - a +0 kite shield of protection (worn)
 E - a +1 cloak (worn)
 S - a +0 pair of gloves of hurling (worn)
 W - the +1 plate armour of Resourcefulness (worn) {Rampage +Blink Will+}
   (You found it on level 1 of the Shoals)

   +Blink:    It lets you blink.
   Rampage:   It bestows one free step when moving towards enemies.
   Will:      It increases your willpower.
Jewellery
 d - a ring of willpower (left hand)
 h - an amulet of reflection (around neck)
 m - a ring of ice
 B - a +6 ring of strength
 G - a ring of protection from fire
 M - a ring of flight (right hand)
 T - a ring of see invisible
 X - a +6 ring of dexterity
Wands
 j - a wand of roots (18)
 p - a wand of digging (11)
 s - a wand of mindburst (13)
 w - a wand of charming (33)
 z - a wand of polymorph (7)
 F - a wand of quicksilver (19)
 J - a wand of flame (12)
Scrolls
 b - 5 scrolls of fog
 i - 18 scrolls of identify
 n - 3 scrolls of blinking
 q - 10 scrolls of teleportation
 r - 3 scrolls of fear
 x - 4 scrolls of enchant armour
 A - 4 scrolls of enchant weapon
 I - a scroll of magic mapping
Potions
 c - 3 potions of resistance
 e - 4 potions of curing
 u - 8 potions of heal wounds
 v - 2 potions of might
 D - 7 potions of haste
 H - 6 potions of flight
 L - a potion of magic
 O - a potion of invisibility
 R - 2 potions of ambrosia
 V - 4 potions of cancellation


   Skills:
 + Level 18.5 Fighting
 + Level 18.5 Axes
 + Level 18.3 Armour
 + Level 16.9 Dodging
 + Level 11.8 Shields


You had 16 spell levels left.
You didn't know any spells.
Your spell library was empty.

Dungeon Overview and Level Annotations

Branches:
Dungeon (15/15)            Temple (0/1) D:7            Lair (5/5) D:8
 Shoals (4/4) Lair:3        Snake (3/4) Lair:2        Slime (0/5) Lair:4
    Orc (2/2) D:9             Elf (0/3) Orc:2        Vaults (0/5) D:13
 Depths (0/4) D:15          IceCv (visited)

Altars:
Ashenzari
Elyvilon
Fedhas
Gozag
Hepliaklqana
Nemelex Xobeh
Qazlal
Ru
Trog
Uskayaw
Vehumet
Xom
Yredelemnul
The Shining One

Shops:
Orc:1 ((:(!   Orc:2 ?!?*[   Shoals:4 =   Snake:2 (([(?*[!=

Portals:
Trove: D:10 (lose all piety)

Annotations:
D:11 3 runed translucent doors, Discosetron's ghost, journeyman DjFE
Snake:3 Mara


Innate Abilities, Weirdness & Mutations

You have a pair of horns on your head.
You reflexively headbutt those who attack you in melee.


Message History

LLlMATKO's illusion is severely wounded.
You slash Mara! LLlMATKO's illusion hits you! You block the naga's attack.
Mara says, "Entranced by some poetic flight, are you?"
Mara hits you but does no damage. You partially resist.
Unknown command.
You hit LLlMATKO's illusion but do no damage.
You headbutt LLlMATKO's illusion!
LLlMATKO's illusion is severely wounded.
You slash Mara! You block LLlMATKO's illusion's attack.
Unknown command.
You barely miss LLlMATKO's illusion.
LLlMATKO's illusion is severely wounded.
You closely miss Mara.
You are no longer berserk.
You are exhausted.
You feel yourself slow down.
LLlMATKO's illusion is no longer berserk.
You block LLlMATKO's illusion's attack. Mara hits you but does no damage.
You partially resist.
The naga hits you from afar with a +0 glaive.
LLlMATKO's illusion hits you!
* * * LOW HITPOINT WARNING * * *
You slice LLlMATKO's illusion!!
Your headbutt misses LLlMATKO's illusion.
LLlMATKO's illusion is almost dead.
You barely miss Mara. You block the naga's attack. You block Mara's attack.
LLlMATKO's illusion hits you!
* * * LOW HITPOINT WARNING * * *
Mara hits you with a +2 demon blade of draining!
* * * LOW HITPOINT WARNING * * *
You partially resist.
You feel drained.
The naga hits you from afar with a +0 glaive.
* * * LOW HITPOINT WARNING * * *
Unknown command.
As you read the scroll of fear, it crumbles to dust.
You assume a fearsome visage.
Mara resists with almost no effort. x2
LLlMATKO's illusion looks frightened!
The naga looks frightened!
Mara gestures at you. The bolt of fire hits you!! You resist.
You die...

...#...#.......
...............
...............
...............
............... #
.................. #
.......RR.........##
.....N@@............###
......................##
.........).............#
........................
.......................#
......#..............)).
..#####.............))##
.# ###.............##
#...#.#.........


You could see 2 Maras, a naga (fleeing) and LLlMATKO's illusion (fleeing, slow).

Vanquished Creatures
  Saint Roka (Orc:2)
  Frances (Shoals:1)
  2 krakens
  Polyphemus (Shoals:4)
  A nagaraja (Snake:2)
  Ilsuiw (Shoals:3)
  An orc warlord (Orc:1)
  Nessos (D:15)
  9 merfolk impalers
  An ettin (D:15)
  6 merfolk javelineers
  Josephine (Lair:3)
  5 hydras
  Fannar (Orc:1)
  An ice dragon (Lair:5)
  An ogre mage (D:13)
  3 merfolk avatars
  4 boulder beetles
  A catoblepas (Shoals:4)
  9 two-headed ogres
  An anaconda (Snake:3)
  4 centaur warriors
  An alligator snapping turtle (Shoals:1)
  A merfolk aquamancer (Shoals:4)
  2 orc high priests (Orc:2)
  3 tengu warriors
  14 death yaks
  2 naga warriors
  2 naga sharpshooters
  2 satyrs
  6 shock serpents
  A hell knight (D:15)
  Urug (Lair:5)
  A salamander mystic (Snake:1)
  2 skysharks
  4 skeletal warriors (D:13)
  4 sea snakes
  A naga ritualist (Snake:1)
  A lindwurm (Lair:5)
  Pikel (D:6)
  A wizard (D:15)
  2 deep elf pyromancers (D:15)
  2 orc knights (D:15)
  9 harpies
  8 orc sorcerers (Orc:2)
  4 mana vipers
  A necromancer (D:15)
  11 manticores
  A wolf spider (Lair:5)
  7 salamanders
  8 cyclopes
  2 ugly things
  18 fauns
  12 merfolk sirens
  7 naga magi
  5 water nymphs
  2 guardian serpents
  22 black mambas
  8 torpor snails
  2 gargoyles
  Maggie (D:6)
  3 rime drakes
  A yaktaur (D:15)
  20 cane toads
  5 komodo dragons
  2 freezing wraiths
  A tengu conjurer (D:14)
  An unseen horror (D:6)
  30 merfolk
  4 tyrant leeches (Lair:5)
  2 trolls
  A wind drake (shapeshifter) (D:13)
  Grinder (D:4)
  2 polar bears
  10 wind drakes
  14 blink frogs
  13 hornets
  14 dream sheep
  8 snapping turtles
  3 slime creatures (D:15)
  6 wraiths
  A vampire (D:11)
  Sigmund (D:5)
  11 water elementals
  12 wyverns
  39 yaks
  A basilisk (Lair:4)
  10 vampire mosquitoes
  3 wargs
  2 redbacks (Lair:5)
  Menkaure (D:6)
  17 nagas
  3 acid dragons
  Edmund (D:6)
  12 water moccasins
  36 orc warriors
  An ice beast (D:6)
  2 sky beasts
  4 ogres
  7 centaurs
  3 lemures (D:6)
  10 bullfrogs
  3 kobold brigands
  Blork the orc (D:5)
  2 gnoll sergeants
  3 scorpions
  2 cane toad simulacra (IceCv)
  10 killer bees
  An electric eel (Lair:3)
  5 hounds
  27 orc priests
  A gnoll bouda (D:8)
  Crazy Yiuf (D:6)
  7 jellies
  3 iguanas
  Jessica (D:2)
  38 orc wizards
  2 wolf simulacra (IceCv)
  7 adders
  17 gnolls
  An ufetubus (D:5)
  A worm (D:2)
  4 dart slugs
  96 orcs
  19 endoplasms
  3 giant cockroaches
  5 goblins
  6 hobgoblins
  6 quokkas
  11 ball pythons
  9 bats
  7 frilled lizards
  30 kobolds
  5 rats
  3 tentacles (Shoals:2)
893 creatures vanquished.

Vanquished Creatures (collateral kills)
  A merfolk impaler (Shoals:4)
  A merfolk javelineer (Shoals:4)
  An ugly thing (IceCv)
  2 ice statues (IceCv)
  A snapping turtle (Shoals:4)
6 creatures vanquished.

Vanquished Creatures (others)
  A manticore (D:12)
  A water nymph (Shoals:4)
  A merfolk siren (Shoals:3)
  An orc priest (Orc:1)
  A goblin (D:3)
  2 quokkas (D:3)
  42 fungi
  131 plants
  9 tentacles
  7 toadstools (D:4)
196 creatures vanquished.

Grand Total: 1095 creatures vanquished

Notes
Turn   | Place    | Note
-------+----------+-------------------------------------------
     0 | D:1      | LLlMATKO the Minotaur Berserker began the quest for the
                  | Orb.
     0 | D:1      | Reached XP level 1. HP: 19/19 MP: 0/0
   186 | D:1      | Reached XP level 2. HP: 27/27 MP: 1/1
   887 | D:1      | Found a stormy altar of Qazlal.
   954 | D:2      | Found a faded altar of an unknown god.
   999 | D:2      | Reached ** piety under Trog
  1125 | D:2      | Reached XP level 3. HP: 32/33 MP: 2/2
  1493 | D:2      | Noticed Jessica
  1499 | D:2      | Killed Jessica
  1500 | D:2      | Reached XP level 4. HP: 41/41 MP: 3/3
  2040 | D:3      | Found a glowing golden altar of the Shining One.
  2228 | D:3      | Found a shimmering altar of Xom.
  2246 | D:3      | Reached XP level 5. HP: 43/47 MP: 4/4
  2676 | D:4      | Reached *** piety under Trog
  2707 | D:4      | Reached skill level 5 in Axes
  2768 | D:4      | Found a hazy altar of Hepliaklqana.
  2794 | D:4      | Reached skill level 5 in Fighting
  2804 | D:4      | Identified the +4 scale mail "Put-Me-On" {rElec rC- rN+}
  2870 | D:4      | Reached XP level 6. HP: 56/56 MP: 5/5
  2885 | D:4      | Found a basalt altar of Yredelemnul.
  2886 | D:4      | Found a blossoming altar of Fedhas.
  3156 | D:4      | Noticed Grinder
  3160 | D:4      | Paralysed by Grinder for 3 turns
  3168 | D:4      | Killed Grinder
  3169 | D:4      | Reached skill level 5 in Armour
  3169 | D:4      | Reached XP level 7. HP: 62/62 MP: 6/6
  3662 | D:5      | Entered Level 5 of the Dungeon
  3672 | D:5      | Noticed Blork the orc
  3681 | D:5      | Killed Blork the orc
  4025 | D:5      | Found a bloodstained altar of Trog.
  4110 | D:5      | Noticed Sigmund
  4117 | D:5      | Killed Sigmund
  4118 | D:5      | Reached skill level 5 in Dodging
  4633 | D:5      | Reached XP level 8. HP: 66/71 MP: 7/7
  5048 | D:6      | Found a radiant altar of Vehumet.
  5166 | D:6      | Found a sparkling altar of Nemelex Xobeh.
  5205 | D:6      | Reached **** piety under Trog
  5279 | D:6      | Found a runed translucent door.
  5280 | D:6      | Noticed Crazy Yiuf
  5470 | D:6      | Noticed Edmund
  5480 | D:6      | Killed Edmund
  5563 | D:6      | Noticed Maggie
  5564 | D:6      | Noticed Pikel
  5572 | D:6      | Killed Maggie
  5579 | D:6      | Killed Pikel
  5580 | D:6      | Reached XP level 9. HP: 54/81 MP: 8/8
  5878 | D:6      | Found a white marble altar of Elyvilon.
  6087 | D:6      | Killed an unseen horror
  6248 | D:6      | Killed Crazy Yiuf
  6456 | D:7      | Found a staircase to the Ecumenical Temple.
  7406 | D:8      | Found a staircase to the Lair.
  7463 | D:8      | Found a sacrificial altar of Ru.
  7709 | D:8      | Reached XP level 10. HP: 55/91 MP: 9/9
  8311 | D:8      | Reached skill level 10 in Axes
  8314 | D:8      | Reached skill level 10 in Fighting
  9251 | D:6      | Noticed Menkaure
  9440 | D:6      | Killed Menkaure
  9727 | D:9      | Found a staircase to the Orcish Mines.
  9738 | D:9      | Reached skill level 10 in Armour
 10184 | D:9      | Noticed a cyclops
 10185 | D:9      | Reached XP level 11. HP: 71/101 MP: 10/10
 10336 | Lair:1   | Entered Level 1 of the Lair of Beasts
 10894 | D:9      | Found an opulent altar of Gozag.
 10919 | D:9      | Found a hide-covered altar of Uskayaw.
 11336 | D:9      | Found a broken altar of Ashenzari.
 11679 | D:10     | Entered Level 10 of the Dungeon
 11680 | D:10     | Noticed a two-headed ogre
 11689 | D:10     | Killed a two-headed ogre
 11690 | D:10     | Reached skill level 10 in Dodging
 11815 | D:10     | Noticed a two-headed ogre
 11837 | D:10     | Killed a two-headed ogre
 11848 | D:10     | Reached ***** piety under Trog
 12080 | D:10     | Found a portal to a secret trove of treasure.
 12515 | D:11     | Found a runed translucent gate.
 12516 | D:11     | Found a runed translucent gate.
 12517 | D:11     | Found a runed translucent gate.
 12847 | D:11     | Noticed a two-headed ogre
 12858 | D:11     | Killed a two-headed ogre
 12867 | D:11     | Noticed Discosetron's ghost (journeyman DjFE)
 12987 | D:11     | Noticed a purple ugly thing
 12995 | D:11     | Killed a purple ugly thing
 13040 | D:11     | Noticed a centaur warrior
 13059 | D:11     | Killed a centaur warrior
 13677 | D:12     | Noticed a boulder beetle
 13702 | D:11     | Killed a boulder beetle
 14142 | Lair:1   | Reached XP level 12. HP: 54/113 MP: 11/11
 15164 | Lair:2   | Found a staircase to the Snake Pit.
 15268 | Lair:2   | Noticed a seven-headed hydra
 15275 | Lair:2   | Killed a two-headed hydra
 15408 | Lair:2   | Noticed a four-headed hydra
 15417 | Lair:2   | Killed a one-headed hydra
 15994 | Lair:3   | Noticed Josephine
 16006 | Lair:3   | Killed Josephine
 16040 | Lair:3   | Found a frozen archway.
 16049 | IceCv    | Entered an ice cave
 16261 | IceCv    | Found a transporter.
 16292 | IceCv    | Found a transporter.
 16311 | IceCv    | Identified the staff of earth "Vadiurgh" {Drain Dex+4}
 16432 | Lair:3   | Received a gift from Trog
 16455 | Lair:3   | Noticed a death yak
 16456 | Lair:3   | Noticed a death yak
 16460 | Lair:3   | Noticed a death yak
 16732 | Lair:3   | Killed a death yak
 16732 | Lair:3   | Noticed a death yak
 16733 | Lair:3   | Noticed a death yak
 16734 | Lair:3   | Killed a death yak
 16735 | Lair:3   | Noticed a death yak
 16737 | Lair:3   | Reached XP level 13. HP: 123/123 MP: 12/12
 16889 | Lair:3   | You are sucked into a shaft and drop 2 floors!
 16889 | Lair:5   | Entered Level 5 of the Lair of Beasts
 16889 | Lair:5   | Found a runed translucent door.
 16953 | Lair:5   | Noticed Urug
 16972 | Lair:5   | Killed Urug
 17053 | Lair:5   | Paralysed by a hornet for 1 turns
 17214 | Lair:5   | Paralysed by a hornet for 1 turns
 17881 | Lair:3   | Found a staircase to the Shoals.
 18748 | Lair:4   | Found a staircase to the Slime Pits.
 18925 | Lair:4   | Reached skill level 1 in Shields
 19220 | Lair:4   | Reached skill level 15 in Axes
 19362 | Lair:4   | Reached skill level 15 in Fighting
 19689 | Lair:5   | Reached XP level 14. HP: 135/135 MP: 13/13
 20091 | D:12     | Identified the staff of conjuration "Ruekycha" {rN+ Int+3
                  | Dex+4}
 21103 | Lair:5   | Reached skill level 15 in Armour
 22306 | Lair:5   | Identified the +8 halberd "Ukenyah" {spect, rC++ Stlth-}
 23107 | Lair:5   | Reached skill level 5 in Shields
 25326 | D:13     | Found a gate to the Vaults.
 26054 | D:14     | Received a gift from Trog
 26620 | Orc:1    | Entered Level 1 of the Orcish Mines
 26620 | Orc:1    | Found Nadyud's Book Boutique.
 26624 | Orc:1    | Noticed Fannar
 26644 | Orc:1    | Killed Fannar
 26729 | Orc:1    | Found Iriosami's Antique Weapon Shoppe.
 26734 | Orc:1    | Found Zudwetog's Distillery.
 26854 | Orc:1    | Found Peilom's Antique Weapon Shop.
 26878 | Orc:1    | Found Kuaxzaarph's Weapon Boutique.
 27136 | Orc:2    | Entered Level 2 of the Orcish Mines
 27364 | Orc:2    | Reached XP level 15. HP: 142/142 MP: 4/14
 27381 | Orc:2    | Received a gift from Trog
 27487 | Orc:2    | Noticed Saint Roka
 27511 | Orc:2    | Killed Saint Roka
 28114 | Orc:2    | Found Fesmatwase's Magic Scroll Boutique.
 28176 | Orc:2    | Found a staircase to the Elven Halls.
 28678 | Orc:2    | Found Wuveowk's General Store.
 28678 | Orc:2    | Found Wefoi's Distillery.
 28679 | Orc:2    | Found Viunk's Magic Scroll Shoppe.
 28683 | Orc:2    | Found Wuppempogu's Armour Emporium.
 29030 | D:15     | Entered Level 15 of the Dungeon
 29050 | D:15     | Found a staircase to the Depths.
 29056 | D:15     | Reached skill level 15 in Dodging
 29672 | D:15     | Noticed Nessos
 29688 | D:15     | Killed Nessos
 30822 | Shoals:1 | Entered Level 1 of the Shoals
 30868 | Shoals:1 | Received a gift from Trog
 31632 | Shoals:1 | Noticed Frances
 31651 | Shoals:1 | Killed Frances
 31761 | Shoals:1 | Identified the +1 plate armour of Resourcefulness {Rampage
                  | +Blink Will+}
 31883 | Shoals:1 | Noticed a kraken
 31893 | Shoals:1 | Killed a kraken
 32375 | Snake:1  | Entered Level 1 of the Snake Pit
 33322 | Shoals:2 | Reached XP level 16. HP: 155/155 MP: 5/15
 33826 | Shoals:2 | Found the +7 sceptre of Torment {pain, torment}
 33885 | Shoals:2 | You are sucked into a shaft and drop 1 floor!
 34073 | Shoals:2 | Received a gift from Trog
 34356 | Shoals:2 | Noticed a kraken
 34370 | Shoals:2 | Killed a kraken
 35355 | Shoals:3 | Noticed Ilsuiw
 35371 | Shoals:3 | Killed Ilsuiw
 35372 | Shoals:3 | Reached skill level 10 in Shields
 35381 | Shoals:3 | Identified the +10 quarterstaff of Armageddon {heavy, *Rage
                  | rC+ rCorr Dex+6} (Trog gifted it to you on level 3 of the
                  | Shoals)
 35381 | Shoals:3 | Received a gift from Trog
 35844 | Shoals:4 | Entered Level 4 of the Shoals
 35897 | Shoals:4 | Noticed Polyphemus
 35911 | Shoals:4 | Killed Polyphemus
 37382 | Shoals:4 | Found Otun's Jewellery Shoppe.
 37989 | Shoals:4 | Reached XP level 17. HP: 98/165 MP: 16/16
 37997 | Shoals:4 | Got a barnacled rune of Zot
 38752 | Snake:1  | Identified the +3 broad axe of Trog's Whim {antimagic,
                  | +Blink rCorr} (Trog gifted it to you on level 1 of the
                  | Snake Pit)
 38752 | Snake:1  | Received a gift from Trog
 39362 | Snake:1  | Identified the +3 trident of the Vendetta {drain, *Corrode
                  | Will+ Dex+3}
 40552 | Snake:2  | Found Xecvi's Weapon Shop.
 40554 | Snake:2  | Found Mipiukli's General Store.
 40554 | Snake:2  | Found Cihupn's Magic Scroll Shoppe.
 40647 | Snake:2  | Found Vaonaexa's Armour Shop.
 40650 | Snake:2  | Found Jaesudol's Jewellery Boutique.
 40650 | Snake:2  | Found Toinieg's Distillery.
 40708 | Snake:2  | Found Sosomma's Antique Armour Shop.
 40710 | Snake:2  | Found Osmuzxim's Weapon Boutique.
 40712 | Snake:2  | Found Jir Kotu's Weapon Shop.
 40777 | Snake:2  | Bought the -2 hat of the Alchemist {rElec rPois rF+ rC+ rN+
                  | Will+ rMut rCorr} for 1180 gold pieces
 40777 | Snake:2  | Found the -2 hat of the Alchemist {rElec rPois rF+ rC+ rN+
                  | Will+ rMut rCorr}
 41383 | Snake:3  | Noticed Mara
 41393 | Snake:3  | Noticed LLlMATKO's illusion
 41408 | Snake:3  | Killed from afar by Mara (illusionary)

Illustrated notes

Levels and vault maps discovered:
D:1:      dpeg_arrival_water_altar, layout_loops_ring, chequers_arboretum,
          chequers_decorated_corner, hangedman_decor_points,
          wander_ebering_terrifying_dragon_lair
D:2:      layout_loops_corners, shapermc_ecumenical_altar_totnotflames,
          kennysheep_jessica_study
D:3:      layout_basic, xom_confusion_cloud, mainiacjoe_overflow_brackets
D:4:      cheibrodos_fertilizer, layout_basic,
          chequers_temple_overflow_statue_of_worship,
          nzn_hepliaklqana_mist_gate, uniq_grinder
D:5:      layout_layer_cave, lightli_temple_of_fire, uniq_blork_the_orc,
          uniq_sigmund
D:6:      layout_basic, mainiacjoe_overflow_cross_hatched,
          mainiacjoe_overflow_24_doors, mainiacjoe_overflow_six_doors_small,
          uniq_crazy_yiuf_cottage, uniq_pikel, uniq_maggie, uniq_edmund,
          uniq_menkaure
D:7:      cheibrodos_quashed, layout_loops_corners,
          minmay_temple_entry_offerings, patterned_corridor
D:8:      layout_gridville, mainiacjoe_overflow_catwalk, lair_entry_dummy
D:9:      layout_loops_ring, evilmike_ruin_ashenzari, kennysheep_mini,
          nicolae_uskayaw_dance_studio, david_orc_3, grunt_ministairs_6
D:10:     layout_rooms, enter_trove_6
D:11:     layout_gridville, gammafunk_ghost_icy
D:12:     layout_cave_pods, minmay_radiant
D:13:     layout_gridville, david_vaults_2
D:14:     layout_gridville, minivault_26, minmay_orc_keep
D:15:     hangedman_depths_entry_civil_slaughter, layout_basic,
          amethyst_killhole, corexii_hall_statues_t, uniq_nessos
Lair:1:   layout_small_grid
Lair:2:   layout_chaotic_city, nicolae_snake_entry_squirm
Lair:3:   layout_layer_cave, elwin_shoals_entry_rooms,
          portal_ice_cave_entry_pillars_2, uniq_josephine
Lair:4:   layout_cave_pods, nicolae_slime_entry_slimehenge, grunt_megastairs_4
Lair:5:   wormcave, layout_cave_pods, hangedman_lair_tendril_chambers,
          serial_bayou_pond_d, uniq_urug
Shoals:1: layout_shoals, uniq_frances
Shoals:2: layout_shoals, nicolae_shoals_square_sea_wall,
          nicolae_shoals_shepherds
Shoals:3: layout_shoals, nicolae_shoals_lost_giant_baths, uniq_ilsuiw
Shoals:4: shoals_end_simple, layout_shoals, minmay_shop_enchanted_jewellery,
          uniq_polyphemus
Snake:1:  layout_layer_cave
Snake:2:  layout_layer_cave, nicolae_snake_serpentine_bazaar, minmay_shop_star
Snake:3:  layout_cave_shapes, nicolae_large_snake_swirl, minmay_shop_grove,
          uniq_mara
Orc:1:    layout_caves, serial_shops, shop, nicolae_shop_statue_plus,
          nicolae_shop_rolling_square, shop, nicolae_shop_industrial_runoff,
          uniq_fannar
Orc:2:    st_orc_mages, layout_caves, basic_altar, serial_shops,
          nicolae_shop_window_shopping, mines_bat_river, uniq_saint_roka

Skill      XL: |  1  2  3  4  5  6  7  8  9 10 11 12 13 14 15 16 17 |
---------------+----------------------------------------------------+-----
Fighting       | 4 5 6 7 9 10 12 13 15 16 17 18 | 18.5
Axes           | 4 5 6 8 9 10 12 13 15 16 17 18 | 18.5
Armour         | 3 4 5 6 7 9 10 12 13 14 15 16 17 18 | 18.3
Dodging        | 3 4 5 6 8 9 11 12 13 14 15 16 | 16.9
Shields        | 2 6 9 11 | 11.8

Action                     |  1- 3 |  4- 6 |  7- 9 | 10-12 | 13-15 | 16-18 || total
---------------------------+-------+-------+-------+-------+-------+-------++-------
  Melee: Hand axe          |    82 |   135 |   101 |       |       |       ||   318
         Headbutt          |    12 |    21 |    46 |    87 |   288 |   118 ||   572
         Trident           |       |     1 |       |       |       |       ||     1
         Unarmed           |       |       |     3 |       |       |       ||     3
         Punch             |       |       |     4 |     4 |     5 |       ||    13
         War axe           |       |       |   112 |   457 |   476 |   500 ||  1545
         Broad axe         |       |       |       |       |   678 |    21 ||   699
  Throw: Javelin           |       |     1 |       |     2 |    26 |     9 ||    38
 Invoke: Berserk           |     1 |     3 |     4 |    20 |    21 |     8 ||    57
         Trog's Hand       |       |       |       |     1 |     2 |       ||     3
         Brothers in Arms  |       |       |       |       |       |     1 ||     1
    Use: Scroll            |       |       |       |    25 |     6 |     4 ||    35
   Stab: Distracted        |       |       |       |       |     1 |       ||     1
 Armour: Chain mail        |    34 |    49 |       |       |       |       ||    83
         Plate armour      |       |    22 |   110 |   223 |   450 |   232 ||  1037
         Skin              |       |       |     1 |       |       |       ||     1
  Dodge: Dodged            |    35 |    48 |    81 |   203 |   423 |   228 ||  1018
  Block: Other             |       |    42 |    38 |   115 |    28 |       ||   223
         Reflection        |       |     3 |     2 |     1 |    32 |    49 ||    87
         Buckler           |       |       |       |       |   326 |       ||   326
         Kite shield       |       |       |       |       |   207 |   473 ||   680
